 Dungeon Crawl Stone Soup version 0.31-a0-192-ga50d7bf3bb (webtiles) character file.

Game seed: 1874014203492152220

118353 Conn the Eclecticist (level 16, -14/92 HPs)
             Began as an Octopode Fire Elementalist on June 24, 2023.
             Was a High Priest of Sif Muna.
             Blown up by a spellforged servitor (74 damage)
             ... with an orb of destruction
             ... summoned by the player character
             ... on level 4 of the Swamp.
             The game lasted 02:33:04 (33378 turns).

Conn the Eclecticist (Octopode Fire Elementalist)  Turns: 33378, Time: 02:33:04

Health: -14/92     AC:  8    Str:  7    XL:     16   Next: 76%
Magic:  22/44      EV: 20    Int: 39    God:    Sif Muna [*****.]
Gold:   2709       SH:  0    Dex: 19    Spells: 2/46 levels left

rFire   + . .        S - staff of fire
rCold   + . .        (no shield)
rNeg    . . .        P - +1 hat
rPois   .            j - amulet of faith
rElec   .            s - +6 ring of intelligence
rCorr   .            v - +6 ring of intelligence
SInv    .            U - +5 ring of evasion
Will    +....        T - ring of protection from cold
Stlth   +++++        M - ring of magical power
HPRegen 0.35/turn    N - ring of wizardry
MPRegen 0.29/turn    V - +4 ring of protection
                     R - +6 ring of dexterity

%: faith, wizardry (x1)
@: no status effects
A: almost no armour, amphibious, 8 rings, camouflage 1, gelatinous body 1,
(nimble swimmer 1), tentacles, iridescent scales 1, clever 1
a: Renounce Religion, Channel Magic, Forget Spell, Divine Exegesis


You were on level 4 of the Swamp.
You worshipped Sif Muna.
Sif Muna was extremely pleased with you.
You visited 5 branches of the dungeon, and saw 23 of its levels.
You also visited: Sewer, Ossuary, Bailey and Ice Cave.

You collected 3741 gold pieces.
You spent 1032 gold pieces at shops.

Inventory:

Hand Weapons
 b - the +4 sling of the Establishment {drain, rPois rF+ Str+2 Dex-2}
   (You found it on level 8 of the Dungeon)

   Str:       It affects your strength (+2).
   Dex:       It affects your dexterity (-2).
   rF:        It protects you from fire.
   rPois:     It protects you from poison.
 e - a +0 dagger
 n - a +1 vampiric dagger
 I - a +5 dagger of venom
 K - a +3 sling
 Z - the +6 spear of Infinite Pain {freeze, rElec Int+9 Dex-4 Stlth-}
   (You bought it in a shop on level 2 of the Orcish Mines)

   Int:       It affects your intelligence (+9).
   Dex:       It affects your dexterity (-4).
   rElec:     It insulates you from electricity.
   Stlth:     It makes you less stealthy.
Missiles
 f - 2 curare-tipped darts (quivered)
 g - 58 poisoned darts
 h - 3 throwing nets
Armour
 y - a +0 kite shield
 P - a +1 hat (worn)
Magical Staves
 a - a staff of conjuration
 S - a staff of fire (weapon)
 X - a staff of cold
Jewellery
 j - an amulet of faith (around mantle)
 s - a +6 ring of intelligence (left tentacle)
 v - a +6 ring of intelligence (right tentacle)
 C - a ring of see invisible
 F - an amulet of magic regeneration
 H - a ring of flight
 M - a ring of magical power (on tentacle)
 N - a ring of wizardry (on tentacle)
 O - a ring of magical power
 R - a +6 ring of dexterity (on tentacle)
 T - a ring of protection from cold (on tentacle)
 U - a +5 ring of evasion (on tentacle)
 V - a +4 ring of protection (on tentacle)
Wands
 k - a wand of mindburst (26)
 u - a wand of charming (21)
 w - a wand of flame (82)
 D - a wand of polymorph (9)
 E - a wand of iceblast (10)
 G - a wand of acid (3)
Scrolls
 c - 8 scrolls of teleportation
 d - 3 scrolls of immolation
 i - 9 scrolls of identify
 l - 3 scrolls of vulnerability
 o - a scroll of revelation
 t - 3 scrolls of poison
 x - 5 scrolls of enchant weapon
 L - a scroll of fog
 W - 2 scrolls of fear
Potions
 m - 9 potions of enlightenment
 p - 7 potions of brilliance
 q - 5 potions of curing
 r - a potion of might
 z - 3 potions of attraction
 A - a potion of cancellation
 B - a potion of resistance
 Q - a potion of berserk rage
 Y - a potion of magic
Miscellaneous
 J - a sack of spiders


   Skills:
 + Level 2.8 Fighting
 + Level 1.9 Short Blades
 + Level 0.8 Staves
 + Level 2.1 Ranged Weapons
 + Level 0.3 Throwing
 + Level 4.3 Dodging
 - Level 7.3 Stealth
 + Level 15.8 Spellcasting
 + Level 9.4 Conjurations
 + Level 4.5 Hexes
 + Level 10.3 Summonings
 + Level 1.1 Translocations
 + Level 14.0 Fire Magic
 + Level 3.7 Air Magic
 * Level 12.9 Invocations


You had 2 spell levels left.
You knew the following spells:

 Your Spells              Type           Power      Damage    Failure   Level
a - Foxfire               Conj/Fire      100%       2x1d9     0%          1
b - Scorch                Fire           100%       2d9       0%          2
c - Spellforged Servitor  Conj/Summ      41%        N/A       6%          7
e - Starburst             Conj/Fire      55%        6d15      1%          6
g - Orb of Destruction    Conj           40%        9d11      8%          7
h - Summon Guardian Gole  Hex/Summ       73%        N/A       1%          3
i - Summon Cactus Giant   Summ           42%        N/A       1%          6
j - Iskenderun's Mystic   Conj/Tloc      64%        2d13      1%          4
k - Plasma Beam           Fire/Air       50%        2x1d65    1%          6
l - Blink                 Tloc           78%        N/A       1%          2

Your spell library contained the following spells:

 Spells                   Type           Power      Damage    Failure   Level
 Summon Small Mammal      Summ           100%       N/A       0%          1
 Apportation              Tloc           78%        N/A       1%          1
 Kiss of Death            Conj/Necr      100%       2d13      1%          1
 Necrotise                Necr           100%       1d9       1%          1
 Shock                    Conj/Air       100%       1d9       1%          1
 Sting                    Tmut/Pois      100%       1d8       1%          1
 Cigotuvi's Dreadful Rot  Necr/Pois/Air  80%        N/A       1%          2
 Ensorcelled Hibernation  Hex/Ice        96%        N/A       1%          2
 Lesser Beckoning         Tloc           78%        N/A       1%          2
 Momentum Strike          Conj/Tloc      100%       3d10      1%          2
 Passwall                 Tmut/Erth      25%        N/A       1%          2
 Poisonous Vapours        Pois/Air       90%        N/A       1%          2
 Call Canine Familiar     Summ           84%        N/A       1%          3
 Confusing Touch          Hex            60%        N/A       1%          3
 Dazzling Flash           Conj/Hex       100%       N/A       1%          3
 Ignite Poison            Fire/Tmut/Pois 79%        N/A       1%          3
 Inner Flame              Hex/Fire       100%       N/A       1%          3
 Mephitic Cloud           Conj/Pois/Air  60%        N/A       1%          3
 Swiftness                Air            57%        N/A       1%          3
 Vampiric Draining        Necr           30%        2d8       1%          3
 Vhi's Electric Charge    Tloc/Air       100%       N/A       1%          3
 Volatile Blastmotes      Fire/Tloc      100%       2d18      1%          3
 Anguish                  Hex/Necr       24%        N/A       1%          4
 Cause Fear               Hex            30%        N/A       1%          4
 Flame Wave               Conj/Fire      100%       2d21      1%          4
 Sticky Flame             Conj/Fire      100%       2d11      1%          4
 Summon Ice Beast         Ice/Summ       63%        N/A       1%          4
 Arcjolt                  Conj/Air       35%        1d45      1%          5
 Freezing Cloud           Conj/Ice/Air   30%        6-21      1%          5
 Summon Mana Viper        Hex/Summ       73%        N/A       1%          5
 Silence                  Hex/Air        29%        N/A       2%          5
 Dispel Undead            Necr           30%        3d14      4%          4
 Olgreb's Toxic Radiance  Pois           30%        N/A       4%          4
 Summon Hydra             Summ           42%        N/A       5%          7
 Agony                    Necr           30%        N/A       12%         5
 Malign Gateway           Summ/Tloc      33%        N/A       32%         7
 Haunt                    Necr/Summ      31%        N/A       38%         7
 Enfeeble                 Hex            30%        N/A       45%         7
 Storm Form               Tmut/Air       22%        N/A       82%         7
 Dragon Form              Tmut           15%        N/A       96%         7
 Maxwell's Capacitive Co  Air            28%        ∞         99%         8
 Dragon's Call            Summ           42%        N/A       99%         9


Dungeon Overview and Level Annotations

Branches:
Dungeon (11/15)            Temple (1/1) D:6            Lair (5/5) D:9
  Swamp (4/4) Lair:3       Spider (0/4) Lair:3        Slime (0/5) Lair:5
    Orc (2/2) D:11            Elf (0/3) Orc:2         Sewer (visited)
Ossuary (visited)          Bailey (visited)           IceCv (visited)

Altars:
Ashenzari
Cheibriados
Dithmenos
Elyvilon
Fedhas
Gozag
Hepliaklqana
Kikubaaqudgha
Makhleb
Nemelex Xobeh
Okawaru
Qazlal
Ru
Sif Muna
Trog
Uskayaw
Vehumet
Wu Jian
Xom
Yredelemnul
Zin
The Shining One
Jiyva

Shops:
Orc:2 (*?!


Innate Abilities, Weirdness & Mutations

You cannot wear most types of armour.
You are amphibious.
You can wear up to eight rings at the same time.
Your skin changes colour to match your surroundings (Stealth+).
Your rubbery body absorbs attacks. (AC +1, EV +1)
((You are camouflaged when in or above water. (Stealth+)))
You have tentacles for arms and can constrict up to eight enemies at once.
You are partially covered in iridescent scales. (AC +2)
Your mind is acute. (Int +4, Str/Dex -1)


Message History

The swamp dragon is burned terribly!
You kill the swamp dragon!
Sif Muna accepts your kill. The alligator misses you.
The alligator closely misses you.
Your spellforged servitor is engulfed in blazing flames.
Your spellforged servitor conjures an orb of pure magic.
The alligator bites you but does no damage.
The alligator barely misses you.
Your cactus giant is engulfed in blazing flames.
Your cactus giant hits the alligator with a +0 giant spiked club.
You enter the shallow water.
The alligator is engulfed in a cloud of scalding steam.
Your orb of destruction hits a mangrove.
A goliath frog comes into view.
Unknown command.
Your spellforged servitor conjures an orb of pure magic.
The alligator bites you!! The alligator tail-slaps you!
Unknown command.
Casting: Scorch (safe; 0% risk of failure)
Confirm with . or Enter, or press ? or * to list all spells.
You feel a surge of power!
Flames lash the alligator.
The alligator is severely wounded.
The alligator's fire resistance burns away.
The alligator is engulfed in a cloud of scalding steam.
The alligator completely misses you.
The alligator tail-slaps you but does no damage.
Your spellforged servitor conjures an orb of pure magic.
Your cactus giant is engulfed in blazing flames.
Casting: Scorch (safe; 0% risk of failure)
Confirm with . or Enter, or press ? or * to list all spells.
You feel a surge of power!
Flames lash the alligator.
The alligator is burned terribly!
The alligator is almost dead.
The orb of destruction hits the alligator!!!
The alligator is blown up!
Sif Muna accepts your kill.
The goliath frog closely misses your spellforged servitor.
The orb of destruction hits you!!!!
Ouch! That really hurt!
You die...

~~~~~~~..~~~~~~~§~.
~~.~~~§~)~~~~~~~~~. .
~..♣~~....~~~~~~.♣~ .~ ♣♣
♣♣♣♣~♣♣~~~~~~~♣. ~~~
♣♣♣♣♣.~~♣♣♣~~~~~~.♣~ ~~~~
♣♣♣..♣♣~~~♣♣♣~~~~~..♣~ ~~§~~
♣♣~.~.♣~..♣♣.~~~~~~~.~.
~~~~~~♣♣.~~~~~♣♣♣♣♣^~~§~§~~~.~
~~.~.~.§§..○○@♣ ♣.~~~~§~~~~~
.~~....F9C○~.♣♣ ♣..~~~~..~~~~
#~~..♣§§§~.♣♣~..♣....~~..~~~~~
~#$~....♣♣♣♣ .~~~~~.♣♣..♣..~~~
#~......♣ .~~~~~. ♣♣♣♣~~÷~~
~##...~♣♣ ~~~~~.♣ ♣♣..§† #♣°.~
~[.... ♣~~~~ #~.~ ♣♣~♣~.
♣♣♣♣♣♣~÷ #.~ ♣♣♣♣ ♣♣♣......~


You could see a goliath frog (ally target), a friendly spellforged servitor
(summoned) and a friendly cactus giant (summoned).

Vanquished Creatures
  Gastronok (Lair:1)
  A thorn hunter (Swamp:2)
  3 ghouls (Swamp:3)
  5 eleionomae
  The ghost of Gargoyl the Cleaver, a journeyman GrBe of Trog (Lair:3)
  3 bunyips
  Josephine (Orc:1)
  Fannar (Orc:1)
  A catoblepas (Lair:5)
  4 hydras
  An ogre mage (Orc:2)
  A ghost crab (Swamp:3)
  2 boulder beetles
  5 alligators
  5 two-headed ogres
  11 death yaks
  4 orc high priests (Orc:2)
  2 goliath frogs (Swamp:2)
  5 swamp dragons
  3 bog bodies
  5 spriggan druids
  2 orc knights
  4 orc sorcerers
  The ghost of AvylaarBelgium the Thaumaturge, a novice DECj (D:8)
  An ugly thing (IceCv)
  2 oklob plants (Lair:4)
  A wolf spider (Lair:5)
  2 will-o-the-wisps
  A manticore (D:11)
  5 elephants
  3 black mambas
  A gargoyle (D:10)
  10 cane toads
  3 ice statues (IceCv)
  5 rime drakes
  A spectral skyshark (Lair:3)
  7 komodo dragons
  A hornet (Swamp:1)
  5 polar bears
  Prince Ribbit (D:8)
  2 trolls
  9 tyrant leeches
  A bloated husk (Swamp:2)
  A spectral elephant (Lair:3)
  10 blink frogs
  A raiju (Lair:5)
  A shadow (D:9)
  28 yaks
  4 spriggans
  4 basilisks
  6 wraiths
  2 wyverns
  A steam dragon (Lair:5)
  12 vampire mosquitoes
  15 swamp worms
  2 wargs (Lair:5)
  17 water moccasins
  3 hydra simulacra (IceCv)
  3 acid dragons
  A hell hound (Lair:5)
  A nameless horror (Lair:5)
  4 swamp drakes
  23 orc warriors
  3 sky beasts
  7 black bears
  4 ice beasts
  10 wolves (Lair:5)
  6 ogres
  11 centaurs
  9 kobold brigands
  10 bullfrogs
  A gnoll sergeant (D:9)
  4 scorpions
  2 cane toad simulacra (IceCv)
  17 wights
  A killer bee (D:8)
  12 howler monkeys
  2 jellies (D:8)
  31 orc priests
  7 hounds
  3 sleepcaps
  2 gnoll boudas
  19 orc wizards
  Natasha (twice) (D:4)
  9 iguanas
  A polar bear simulacrum (IceCv)
  2 wolf simulacra (IceCv)
  8 mummies (Ossuary)
  15 gnolls
  13 adders
  3 river rats (Sewer)
  A white imp (D:6)
  2 ufetubi (D:6)
  2 worms
  2 dart slugs
  73 orcs
  5 ball pythons
  9 endoplasms
  5 giant cockroaches
  16 goblins
  11 hobgoblins
  5 jackals
  2 quokkas
  4 bats
  2 hobgoblin zombies (Ossuary)
  41 kobolds
  4 kobold zombies (Ossuary)
  2 orc zombies (Ossuary)
  8 rats
680 creatures vanquished.

Vanquished Creatures (collateral kills)
  Donald (Swamp:4)
  3 hydras
  A ghost crab (Lair:3)
  10 death yaks
  A boulder beetle (Lair:5)
  2 alligators (Swamp:4)
  2 spectral death yaks (Lair:3)
  2 goliath frogs
  A spriggan druid (Swamp:3)
  A swamp dragon (Swamp:4)
  A bog body (Swamp:2)
  An ugly thing (IceCv)
  2 elephants (Lair:1)
  A spectral boulder beetle (Lair:3)
  A black mamba (Lair:3)
  5 cane toads
  A rime drake (Lair:5)
  4 komodo dragons
  A tyrant leech (Swamp:4)
  5 polar bears (Lair:5)
  A spriggan (Swamp:3)
  5 yaks
  A fire elemental (Lair:5)
  2 wargs (Lair:5)
  An acid dragon (Lair:5)
  2 swamp worms (Swamp:4)
  15 hell hounds (Lair:5)
  2 water moccasins
  A spectral polar bear (Lair:3)
  A swamp drake (Lair:5)
  5 black bears (Lair:5)
  4 orc warriors
  15 wolves (Lair:5)
  A necrophage (Swamp:3)
  2 bullfrogs (Lair:2)
  An elephant simulacrum (IceCv)
  A lava snake (Lair:5)
  An orc priest (Orc:2)
  2 orc wizards
  4 orcs
  19 foxfires
132 creatures vanquished.

Vanquished Creatures (others)
  The ghost of Cahekav the Fighter, a journeyman DrIE of Dithmenos (Swamp:3)
  A fenstrider witch (Swamp:2)
  A fire dragon (Lair:5)
  A hydra (Swamp:4)
  An alligator (Swamp:4)
  3 death yaks
  A wolf spider (Lair:3)
  A cane toad (Lair:2)
  A komodo dragon (Lair:3)
  A troll (D:8)
  3 bloated husks
  12 yaks
  A swamp drake (Swamp:2)
  A black bear (Lair:5)
  An orc (D:8)
  1545 foxfires
1575 creatures vanquished.

Grand Total: 2387 creatures vanquished

Notes
Turn   | Place    | Note
-------+----------+-------------------------------------------
     0 | D:1      | Conn the Octopode Fire Elementalist began the quest for the
                  | Orb.
     0 | D:1      | Reached XP level 1. HP: 11/11 MP: 3/3
   352 | D:1      | Reached XP level 2. HP: 17/17 MP: 1/5
   833 | D:2      | Reached XP level 3. HP: 21/21 MP: 0/6
  1318 | D:2      | Reached XP level 4. HP: 27/27 MP: 0/7
  1456 | D:2      | Learned a level 2 spell: Scorch
  1460 | D:2      | Learned a level 3 spell: Inner Flame
  1748 | D:3      | Found a glowing drain.
  1779 | Sewer    | Entered a sewer
  1848 | Sewer    | Reached XP level 5. HP: 31/31 MP: 8/8
  1909 | Sewer    | Noticed a kobold brigand
  1909 | Sewer    | Noticed a kobold brigand
  1917 | Sewer    | Killed a kobold brigand
  1918 | Sewer    | Reached skill level 1 in Short Blades
  1922 | Sewer    | Killed a kobold brigand
  1923 | Sewer    | Reached skill level 5 in Stealth
  1923 | Sewer    | Reached skill level 3 in Spellcasting
  1923 | Sewer    | Reached XP level 6. HP: 11/36 MP: 5/10
  2592 | Sewer    | Reached XP level 7. HP: 41/41 MP: 7/12
  2736 | Sewer    | Gained mutation: Your mind is acute. (Int +4, Str/Dex -1)
                  | [potion of mutation]
  2736 | Sewer    | Gained mutation: You are partially covered in iridescent
                  | scales. (AC +2) [potion of mutation]
  2849 | Sewer    | Identified a scroll of acquirement
  2850 | Sewer    | Acquired 1162 gold pieces
  3644 | D:3      | Reached skill level 5 in Fire Magic
  3949 | D:4      | Found a glowing golden altar of the Shining One.
  4001 | D:4      | Noticed Natasha
  4008 | D:4      | Killed Natasha
  4009 | D:4      | Reached skill level 4 in Spellcasting
  4115 | D:4      | Learned a level 4 spell: Flame Wave
  4119 | D:4      | Learned a level 3 spell: Volatile Blastmotes
  4251 | D:4      | Noticed Natasha
  4255 | D:4      | Killed Natasha
  4340 | D:4      | Found a broken altar of Ashenzari.
  4429 | D:5      | Entered Level 5 of the Dungeon
  4453 | D:5      | Reached XP level 8. HP: 47/47 MP: 11/14
  4641 | D:5      | Reached skill level 5 in Spellcasting
  4752 | D:5      | Found a sand-covered staircase.
  4757 | Ossuary  | Entered an ossuary
  5550 | D:5      | Learned a level 1 spell: Summon Small Mammal
  5627 | D:6      | Noticed a boulder beetle
  5851 | D:6      | Killed a boulder beetle
  5852 | D:6      | Reached skill level 6 in Spellcasting
  5852 | D:6      | Reached skill level 1 in Hexes
  5852 | D:6      | Reached skill level 1 in Summonings
  5852 | D:6      | Reached XP level 9. HP: 49/52 MP: 1/18
  6439 | D:6      | Reached skill level 1 in Fighting
  6439 | D:6      | Reached skill level 7 in Spellcasting
  6439 | D:6      | Reached skill level 5 in Conjurations
  6753 | D:6      | Found a staircase to the Ecumenical Temple.
  6762 | Temple   | Entered the Ecumenical Temple
  6870 | Temple   | Became a worshipper of Sif Muna the Loreminder
  7454 | D:7      | Learned a level 3 spell: Vhi's Electric Charge
  7728 | D:7      | Reached skill level 1 in Air Magic
  7741 | D:7      | Reached XP level 10. HP: 26/58 MP: 3/21
  7770 | D:7      | Found a flagged portal.
  7774 | D:7      | Reached * piety under Sif Muna
  7796 | Bailey   | Entered a bailey
  7984 | Bailey   | Reached skill level 1 in Invocations
  8162 | Bailey   | Identified the +2 chain mail "Jionoad" {rF+ rC+ Will-
                  | Regen+ Int+3}
  8450 | Bailey   | Reached ** piety under Sif Muna
  8745 | D:7      | Reached skill level 8 in Spellcasting
  9355 | D:8      | Identified the +4 sling of the Establishment {drain, rPois
                  | rF+ Str+2 Dex-2}
  9830 | D:8      | Learned a level 3 spell: Summon Guardian Golem
  9854 | D:8      | Reached skill level 1 in Ranged Weapons
  9939 | D:8      | Found a runed translucent door.
  9940 | D:8      | Noticed AvylaarBelgium's ghost (novice DECj)
  9976 | D:8      | Killed AvylaarBelgium's ghost
  9976 | D:8      | Reached *** piety under Sif Muna
 10242 | D:8      | Noticed Prince Ribbit
 10249 | D:8      | Killed Prince Ribbit
 10315 | D:8      | Found an ornate altar of the Wu Jian Council.
 10321 | D:8      | Found a blossoming altar of Fedhas.
 10461 | D:8      | Noticed a boulder beetle
 10660 | D:8      | Reached XP level 11. HP: 45/63 MP: 9/23
 11095 | D:8      | Killed a boulder beetle
 11263 | D:9      | Reached skill level 9 in Spellcasting
 11354 | D:9      | Reached skill level 5 in Summonings
 11989 | D:9      | Reached skill level 5 in Invocations
 12131 | D:9      | Reached **** piety under Sif Muna
 12227 | D:9      | Found a burning altar of Makhleb.
 12509 | D:9      | Learned a level 6 spell: Summon Cactus Giant
 12582 | D:9      | Found a staircase to the Lair.
 13005 | Lair:1   | Entered Level 1 of the Lair of Beasts
 13402 | Lair:1   | Noticed Gastronok
 13460 | Lair:1   | Killed Gastronok
 13461 | Lair:1   | Reached skill level 10 in Spellcasting
 13461 | Lair:1   | Reached XP level 12. HP: 70/70 MP: 16/26
 14506 | Lair:2   | Reached ***** piety under Sif Muna
 15310 | Lair:2   | Reached skill level 11 in Spellcasting
 15470 | Lair:2   | Received a gift from Sif Muna
 15476 | Lair:2   | Got Sif Muna's Parchment of Putridity and Anthracomancy
                  | {god gift}
 15489 | Lair:2   | Learned a level 6 spell: Starburst
 15690 | Lair:2   | Identified the +1 pearl dragon scales "Nemonn" {rN+ Str+5}
 16513 | Lair:3   | Found a runed translucent door.
 16514 | Lair:3   | Noticed Gargoyl's ghost (journeyman GrBe)
 16529 | Lair:3   | Killed Gargoyl's ghost
 16530 | Lair:3   | Reached skill level 10 in Fire Magic
 16730 | Lair:3   | Reached XP level 13. HP: 74/74 MP: 12/28
 16904 | Lair:3   | Found a hole to the Spider Nest.
 17601 | Lair:3   | Found a staircase to the Swamp.
 17747 | Lair:3   | Reached skill level 12 in Spellcasting
 18682 | Lair:4   | Learned a level 4 spell: Iskenderun's Mystic Blast
 18812 | Lair:4   | Reached XP level 14. HP: 81/81 MP: 30/30
 19266 | Lair:5   | Entered Level 5 of the Lair of Beasts
 19311 | Lair:5   | Reached skill level 13 in Spellcasting
 19314 | Lair:5   | HP: 3/81 [elephant (4)]
 20018 | Lair:5   | Found a viscous altar of Jiyva.
 20019 | Lair:5   | Found a staircase to the Slime Pits.
 20044 | Lair:5   | Received a gift from Sif Muna
 20047 | Lair:5   | Reached skill level 10 in Summonings
 20051 | Lair:5   | Reached skill level 10 in Invocations
 20059 | Lair:5   | Got Sif Muna's Grimoire of Haze {god gift}
 21083 | Lair:5   | Received a gift from Sif Muna
 21621 | Lair:5   | Reached XP level 15. HP: 86/86 MP: 32/32
 22322 | Lair:5   | Reached skill level 14 in Spellcasting
 22454 | Swamp:1  | Entered Level 1 of the Swamp
 22473 | Swamp:1  | You fall into a shaft and drop 1 floor!
 22473 | Swamp:2  | Noticed a fenstrider witch
 22478 | Swamp:2  | Killed a fenstrider witch
 22723 | Swamp:2  | Noticed a thorn hunter
 22739 | Swamp:2  | Killed a thorn hunter
 22746 | Swamp:2  | Reached skill level 1 in Translocations
 23989 | Swamp:1  | Received a gift from Sif Muna
 25450 | D:9      | Learned a level 6 spell: Plasma Beam
 25469 | D:10     | Entered Level 10 of the Dungeon
 26438 | D:11     | Found a staircase to the Orcish Mines.
 26508 | D:11     | Received a gift from Sif Muna
 26638 | D:11     | Found a frozen archway.
 26648 | IceCv    | Entered an ice cave
 26662 | IceCv    | Reached skill level 15 in Spellcasting
 26819 | IceCv    | Learned a level 2 spell: Blink
 27863 | Orc:1    | Entered Level 1 of the Orcish Mines
 28300 | Orc:1    | Noticed Josephine
 28306 | Orc:1    | Killed Josephine
 28307 | Orc:1    | Reached XP level 16. HP: 91/91 MP: 32/35
 28509 | Orc:2    | Entered Level 2 of the Orcish Mines
 28514 | Orc:2    | Received a gift from Sif Muna
 28525 | Orc:2    | Got Lyteub's Precepts of Command and the Cumulonimbus {god
                  | gift}
 28714 | Orc:1    | Noticed Fannar
 28723 | Orc:1    | Killed Fannar
 28996 | Orc:2    | Found a staircase to the Elven Halls.
 29034 | Orc:2    | Paralysed by an ogre mage for 4 turns
 30356 | Orc:2    | Found Tatadau's Magic Scroll Shop.
 30356 | Orc:2    | Found Lewutokk's Weapon Boutique.
 30356 | Orc:2    | Found Tuno Gac's General Store.
 30363 | Orc:2    | Found Pavvueh's Distillery.
 30436 | Orc:2    | Bought a scroll of blinking for 97 gold pieces
 30437 | Orc:2    | Bought a potion of magic for 136 gold pieces
 30438 | Orc:2    | Bought a scroll of teleportation for 39 gold pieces
 30441 | Orc:2    | Bought the +6 spear of Infinite Pain {freeze, rElec Int+9
                  | Dex-4 Stlth-} for 760 gold pieces
 31013 | Swamp:2  | Learned a level 7 spell: Orb of Destruction
 31458 | Swamp:3  | Found a runed translucent gate.
 31676 | Swamp:3  | HP: 2/91 [bog body (11)]
 31948 | Swamp:3  | Found a runed translucent gate.
 31948 | Swamp:3  | Found a runed translucent gate.
 31948 | Swamp:3  | Noticed Cahekav's ghost (journeyman DrIE)
 32020 | Swamp:3  | Received a gift from Sif Muna
 32039 | Swamp:3  | Learned a level 7 spell: Spellforged Servitor
 32595 | Swamp:3  | Killed Cahekav's ghost
 32608 | Swamp:3  | Identified the +5 war axe of Souwol {speed, Int+2}
 32696 | Swamp:4  | Entered Level 4 of the Swamp
 33041 | Swamp:4  | Noticed Donald
 33048 | Swamp:4  | Killed Donald
 33378 | Swamp:4  | Blown up by a spellforged servitor

Illustrated notes

Levels and vault maps discovered:
D:1:      minmay_arrival_five_plusses, layout_loops_ring, minmay_crystal_room
D:2:      layout_loops_ring
D:3:      minmay_diamond_boxcup, layout_basic, gup_sewer_entry_glass,
          minmay_misc_feat_ornament, nicolae_half_adder
D:4:      layout_rooms, ashenzari_altar_1, mainiacjoe_overflow_brackets,
          uniq_natasha
D:5:      layout_rooms, nicolae_ossuary_entry_ruins,
          chequers_serial_rivers_micro_c, minmay_misc_feat_room,
          grunt_ministairs_7
D:6:      minmay_recursive_quarters, layout_basic, temple_fountains,
          minmay_microvault
D:7:      layout_basic, enter_bailey_5
D:8:      cheibrodos_fzero, layout_loops_ring, jmf_multi_god_temple,
          ebering_ghost_inner_flame, minmay_orc_keep, uniq_prince_ribbit1
D:9:      layout_basic, mainiacjoe_overflow_alcove_2,
          grunt_lair_entry_orc_guard_hut, kb_lookout_dungeons_type
D:10:     layout_loops_ring
D:11:     layout_irregular_city, david_orc_5, portal_ice_cave_rime
Temple:   nicolae_temple_bog_church
Lair:1:   layout_cellular_growth, uniq_gastronok
Lair:2:   layout_layer_cave, st_stairs_7, serial_bayou_pond_c,
          serial_bayou_shore_b, lemuel_fruit_tree
Lair:3:   layout_cave_pods, nicolae_swamp_entry_spooky,
          spider_nest_entry_rubble, gammafunk_ghost_grave
Lair:4:   layout_cave_shapes, minmay_lair_oklob_items
Lair:5:   guppyfry_lair_end_dragon, layout_gridlike,
          hangedman_lair_caniforms_friends, dpeg_slime_entry_enclosed,
          grunt_megastairs_2
Swamp:1:  layout_basic_swamp, nicolae_swamp_trees_clearing,
          hangedman_swamp_wriggling
Swamp:2:  layout_falls_marsh, evilmike_swamp_ruin_rubble_1, swamp_pool4
Swamp:3:  layout_falls_marsh, ebering_ghost_rock_garden,
          evilmike_swamp_ruin_house_5
Swamp:4:  swamp_vile, layout_basic_swamp, uniq_donald
Orc:1:    layout_caves, basic_altar, nicolae_orc_bridge_out, uniq_josephine,
          uniq_fannar
Orc:2:    st_orc_mages, layout_diamond_mine

Skill      XL: |  1  2  3  4  5  6  7  8  9 10 11 12 13 14 15 16 |
---------------+-------------------------------------------------+-----
Stealth        | 3 4 5 6 7 |  7.3
Short Blades   | 1 |  1.9
Spellcasting   | 3 4 6 7 8 10 11 12 13 15 | 15.8
Conjurations   | 2 3 4 5 6 7 8 9 |  9.4
Fire Magic     | 4 5 6 7 8 10 11 12 13 14 | 14.0
Dodging        | 3 4 |  4.3
Hexes          | 1 2 3 4 |  4.5
Summonings     | 1 3 4 6 7 9 10 | 10.3
Fighting       | 1 2 |  2.8
Air Magic      | 1 3 |  3.7
Invocations    | 4 6 7 8 10 11 12 | 12.9
Ranged Weapons | 1 2 |  2.1
Translocations | 1 |  1.1
Staves         | |  0.8
Throwing       | |  0.3

Action                     |  1- 3 |  4- 6 |  7- 9 | 10-12 | 13-15 | 16-18 || total
---------------------------+-------+-------+-------+-------+-------+-------++-------
  Melee: Dagger            |    14 |    27 |    44 |     5 |       |       ||    90
         Constrict         |     6 |     5 |    10 |     8 |     1 |     4 ||    34
         Tentacles         |     3 |     5 |     6 |     7 |     5 |     6 ||    32
         Staff             |       |       |       |    26 |     8 |    16 ||    50
         Sling             |       |       |       |       |     1 |       ||     1
         Punch             |       |       |       |       |       |     1 ||     1
   Fire: Sling             |       |       |     3 |    19 |    21 |       ||    43
  Throw: Dart              |       |       |     5 |       |       |       ||     5
   Cast: Foxfire           |    27 |    35 |   180 |   303 |   239 |   105 ||   889
         Scorch            |       |    11 |    27 |   153 |   165 |    37 ||   393
         Inner Flame       |       |     1 |    10 |    19 |    39 |     2 ||    71
         Volatile Blastmot |       |       |     3 |       |       |       ||     3
         Summon Small Mamm |       |       |     6 |    10 |    24 |       ||    40
         Flame Wave        |       |       |     1 |    26 |    31 |     3 ||    61
         Summon Guardian G |       |       |       |    12 |    33 |    10 ||    55
         Summon Cactus Gia |       |       |       |     5 |    62 |    13 ||    80
         Starburst         |       |       |       |     1 |   101 |    62 ||   164
         Vhi's Electric Ch |       |       |       |       |     1 |       ||     1
         Iskenderun's Myst |       |       |       |       |     8 |     1 ||     9
         Plasma Beam       |       |       |       |       |     2 |    17 ||    19
         Spellforged Servi |       |       |       |       |       |    10 ||    10
         Orb of Destructio |       |       |       |       |       |     5 ||     5
         Blink             |       |       |       |       |       |     1 ||     1
 Invoke: Channel Magic     |       |       |       |       |     8 |     2 ||    10
  Evoke: Wand              |       |       |       |       |     1 |       ||     1
    Use: Potion            |       |     3 |     4 |     3 |    10 |     3 ||    23
         Scroll            |       |       |    17 |     8 |    14 |     7 ||    46
   Stab: Sleeping          |     5 |    11 |    16 |     2 |       |       ||    34
 Armour: Skin              |       |     3 |    12 |     9 |    31 |    11 ||    66
  Dodge: Dodged            |     5 |    10 |    48 |    84 |   146 |    41 ||   334

Table legend: (Time is in decaauts)
 A = Elapsed time spent in this place.
 B = Non-inter-level travel time spent in this place.
 C = Inter-level travel time spent in this place.
 D = Time resting spent in this place.
 E = Time spent auto-exploring this place.
 F = Levels seen in this place.
 G = Mean time per level.
                   A        B        C        D        E       F      G
               +--------+--------+--------+--------+--------+-----+--------+
         Total |  33432 |  32489 |    943 |   3765 |  20585 |  27 | 1238.2 |
       Dungeon |  12435 |  12041 |    394 |    387 |   8600 |  11 | 1130.5 |
        Temple |    118 |    108 |     10 |      0 |     85 |   1 |  118.0 |
          Lair |   9668 |   9282 |    386 |    640 |   6631 |   5 | 1933.6 |
         Swamp |   5279 |   5161 |    118 |   1128 |   2949 |   4 | 1319.8 |
  Orcish Mines |   2810 |   2777 |     33 |   1069 |    779 |   2 | 1405.0 |
         Sewer |   1086 |   1086 |      0 |      0 |    780 |   1 | 1086.0 |
       Ossuary |    476 |    476 |      0 |      0 |    276 |   1 |  476.0 |
        Bailey |    871 |    871 |      0 |    130 |    485 |   1 |  871.0 |
      Ice Cave |    685 |    685 |      0 |    411 |      0 |   1 |  685.0 |
               +--------+--------+--------+--------+--------+-----+--------+

Top non-repeatable levels by time:
  Lair:5: 2939 daAuts
 Swamp:2: 2175 daAuts
  Lair:3: 2055 daAuts
     D:8: 1905 daAuts
   Orc:1: 1814 daAuts
     D:9: 1795 daAuts
  Lair:1: 1730 daAuts
  Lair:2: 1729 daAuts
     D:6: 1576 daAuts
 Swamp:1: 1372 daAuts
  Lair:4: 1214 daAuts
     D:7: 1163 daAuts
     D:3: 1150 daAuts
    D:11: 1096 daAuts
   Sewer: 1086 daAuts
